Atomiques vs Wiprows
Created - 25 février 2015 at 23:14
Goals
|
| Atomiques |
4 |
2 |
0 |
6 |
| Wiprows |
2 |
2 |
1 |
5 |
|
Shots
|
| Atomiques |
10 |
9 |
5 |
24 |
| Wiprows |
11 |
14 |
16 |
41 |
|
1st period
1. Wiprows , Jesse Winchester 19 (Brandon Bollig, T.J. Oshie) at 2:38 (PP)
2. Wiprows , Nick Bonino 30 (Matt Taormina) at 8:14
3. Atomiques , John Zeiler 13 (Brad Winchester, Kyle Wharton) at 8:53
4. Atomiques , Ryan Shannon 29 (Linus Omark) at 9:59
5. Atomiques , John Zeiler 14 (Ryan Shannon) at 12:12 (SH)
6. Atomiques , John Zeiler 15 (Tyler Brenner) at 14:11
Penalties :
Tyler Brenner (STB) for Tripping (Minor) at 2:03, Thomas Hickey (Win) for Hooking (Minor) at 3:59, Kyle Wharton (STB) for Hooking (Minor) at 10:21, Tyler Brenner (STB) for Hooking (Minor) at 14:20
2nd period
7. Atomiques , John Zeiler 16 (Tyler Brenner) at 4:06
8. Atomiques , John Zeiler 17 (Brad Winchester) at 4:17
9. Wiprows , T.J. Oshie 34 (Jesse Winchester) at 12:43 (PP)
10. Wiprows , T.J. Oshie 35 (Jesse Winchester, Matt Taormina) at 16:22 (PP)
Penalties :
Tyler Brenner (STB) for High sticking (Minor) at 0:16, Alec Martinez (Win) for Tripping (Minor) at 9:42, Alex Auld (STB) for Delaying the game (Minor) at 12:41 - Kyle Wharton served the penalty, Kyle Wharton (STB) for Kneeing (Major) at 16:07
3rd period
11. Wiprows , Jiri Tlusty 31 (Nick Bonino, Jonathan Tremblay) at 10:38 (PP)
Penalties :
Andrew Kozek (STB) for Boarding (Minor) at 10:03, Ryan Shannon (STB) for Elbowing (Minor) at 11:19
Goalie Stats
Alex Auld (STB), 36 saves from 41 shots - (0,878), W, 23-15-1, 60:00 minutes
Braden Holtby (Win), 6 saves from 10 shots - (0,600), 14:11 minutes
Thomas McCollum (Win), 12 saves from 14 shots - (0,857), L, 3-9-1, 44:57 minutes
Players Stats for Atomiques
Player Name G A P +/- PIM S H SB GA TA FO MP PP MP PK MP
------------------------------------------------------------------------------------
Alexander Sulzer 0 0 0 0 0 4 0 1 0 2 0/0 28:05 2:30 8:53
Andrew Kozek 0 0 0 -1 2 2 2 0 0 0 0/0 12:14 0:00 1:59
Brad Winchester 0 2 2 4 0 2 2 0 1 0 6/16 24:40 2:22 7:04
Brett Sutter 0 0 0 -1 0 0 0 0 0 0 2/4 11:01 0:00 0:54
Casey Borer 0 0 0 1 0 1 3 3 0 1 0/0 21:19 0:46 8:24
Clayton Stoner 0 0 0 4 0 1 0 1 0 0 0/0 23:20 1:28 4:43
Davis Drewiske 0 0 0 0 0 0 0 1 0 0 0/0 0:08 0:00 0:00
Drew Larman 0 0 0 0 0 0 1 0 0 0 1/2 7:50 0:00 0:31
John McCarthy 0 0 0 0 0 0 0 0 0 0 0/0 0:00 0:00 0:00
John Zeiler 5 0 5 5 0 7 1 3 1 0 1/2 20:56 2:22 4:48
Kenndal McArdle 0 0 0 0 0 1 0 0 2 0 1/1 10:01 0:00 2:33
Kyle Wharton 0 1 1 1 7 0 2 1 0 1 0/0 20:30 1:44 0:11
Linus Omark 0 1 1 1 0 3 1 1 1 0 0/0 19:19 1:36 7:09
Marc-André Cliche 0 0 0 1 0 0 2 0 0 0 4/12 12:12 1:36 0:17
Mitch Callahan 0 0 0 0 0 0 1 0 0 0 0/0 7:19 0:00 0:00
Nick Johnson 0 0 0 -1 0 0 0 0 0 1 0/0 10:03 0:00 0:00
Ryan Shannon 1 1 2 2 2 2 3 1 2 0 0/0 16:50 1:36 4:01
Tyler Brenner 0 2 2 4 6 0 2 0 0 0 9/29 16:01 2:22 0:00
Victor Hedman 0 0 0 4 0 1 0 0 0 0 0/0 23:58 1:28 5:01
Players Stats for Wiprows
Player Name G A P +/- PIM S H SB GA TA FO MP PP MP PK MP
------------------------------------------------------------------------------------
Alec Martinez 0 0 0 -2 2 4 1 0 1 1 0/0 29:15 8:38 1:09
Arturs Kulda 0 0 0 -3 0 0 2 1 0 1 0/0 19:49 4:57 1:33
Brandon Bollig 0 1 1 -2 0 1 0 1 0 1 2/3 21:27 7:25 0:00
Derek Grant 0 0 0 0 0 0 0 0 0 0 0/0 0:00 0:00 0:00
Drayson Bowman 0 0 0 -2 0 1 1 1 0 0 0/1 13:13 1:01 0:19
Jesse Winchester 1 2 3 -2 0 14 2 0 1 0 24/32 25:58 7:26 2:02
Jiri Tlusty 1 0 1 -1 0 4 2 0 0 0 0/0 17:50 5:40 0:00
Jonathan Tremblay 0 1 1 -1 0 3 1 0 1 0 1/1 18:59 5:40 1:21
Jordan Szwarz 0 0 0 0 0 0 3 0 0 0 0/0 6:07 0:33 0:00
Kevin Connauton 0 0 0 0 0 0 0 0 0 0 0/0 12:06 0:32 2:06
Linden Vey 0 0 0 -2 0 0 1 0 0 0 0/0 10:00 0:00 0:00
Matt Donovan 0 0 0 0 0 2 0 1 0 0 0/0 9:35 0:32 0:00
Matt Taormina 0 2 2 -2 0 1 2 1 0 1 0/0 30:04 8:38 2:24
Maxime Macenauer 0 0 0 0 0 0 1 0 1 0 2/4 6:22 0:00 0:31
Nazem Kadri 0 0 0 -2 0 2 1 0 0 1 2/4 12:34 1:08 0:21
Nick Bonino 1 1 2 -1 0 2 2 0 0 1 10/18 18:59 5:40 1:21
T.J. Oshie 2 1 3 -2 0 5 2 1 1 1 1/3 24:12 7:48 2:01
Thomas Hickey 0 0 0 -3 2 2 2 3 0 0 0/0 19:30 4:57 0:44
3 Stars
1 - John Zeiler (STB)
2 - T.J. Oshie (Win)
3 - Brad Winchester (STB)
Power Play
Atomiques - 0 on 2 Attempt(s) - 0,00%
Wiprows - 4 on 9 Attempt(s) - 44,44%
Penalty Kill
Atomiques - 5 on 9 Attempt(s) - 55,56%
- Score 1 goal in Penalty Kill
Wiprows - 2 on 2 Attempt(s) - 100,00%
- Score 0 goal in Penalty Kill
Team Stat
Atomiques - Hits : 20 - Faceoff Wins : 24 - Blocked Shots : 12 - Penalty Minutes : 17
Wiprows - Hits : 23 - Faceoff Wins : 42 - Blocked Shots : 9 - Penalty Minutes : 4
Official
Referees : Charron Francis and Lee Chris
Linesman : Darren Gibbs and Brian Murphy
Game Notes
Davis Drewiske is injured at 0:07 of 1st period (Strained Right Knee)
John Zeiler has scored a Hat Trick!
Thomas McCollum enters game at 14:11 of 1st period
Finance
Level 1 -- Attendance: 1433 (71,65%) -- Ticket Income 35 825 $
Level 2 -- Attendance: 783 (78,30%) -- Ticket Income 10 962 $
Total Attendance: 2216 (73,87%)
Total Ticket Income: 46 787 $
Other Income: 2 339 $
Total Income: 49 126 $
Atomiques
5 vs 5 Forward
Center Left Wing Right Wing Time % Phy DF OF
1 Tyler Brenner Brad Winchester John Zeiler 40 1 2 2
2 Marc-André Cliche Linus Omark Ryan Shannon 30 1 2 2
3 Brett Sutter Andrew Kozek Nick Johnson 20 1 2 2
4 Drew Larman Kenndal McArdle Mitch Callahan 10 1 2 2
5 vs 5 Defense
Defense Defense Time % Phy DF OF
1 Alexander Sulzer Davis Drewiske 40 1 2 2
2 Victor Hedman Clayton Stoner 30 1 2 2
3 Kyle Wharton Casey Borer 20 1 2 2
4 Alexander Sulzer Davis Drewiske 10 1 2 2
PowerPlay Forward
Center Left Wing Right Wing Time % Phy DF OF
1 Tyler Brenner Brad Winchester John Zeiler 60 1 2 2
2 Marc-André Cliche Linus Omark Ryan Shannon 40 1 2 2
PowerPlay Defense
Defense Defense Time % Phy DF OF
1 Alexander Sulzer Davis Drewiske 60 1 2 2
2 Victor Hedman Clayton Stoner 40 1 2 2
Penalty Kill 4 Players Forward
Center Wing Time % Phy DF OF
1 Brad Winchester Linus Omark 60 1 2 2
2 John Zeiler Ryan Shannon 40 1 2 2
Penalty Kill 4 Players Defense
Defense Defense Time % Phy DF OF
1 Alexander Sulzer Davis Drewiske 60 1 2 2
2 Victor Hedman Clayton Stoner 40 1 2 2
Penalty Kill - 3 Players Forward
Forward Time % Phy DF OF
1 Brad Winchester 60 1 2 2
2 Linus Omark 40 1 2 2
Penalty Kill - 3 Players Defense
Defense Defense Time % Phy DF OF
1 Alexander Sulzer Davis Drewiske 60 1 2 2
2 Victor Hedman Clayton Stoner 40 1 2 2
4 vs 4 Forward
Center Wing Time % Phy DF OF
1 Brad Winchester Linus Omark 60 1 2 2
2 John Zeiler Ryan Shannon 40 1 2 2
4 vs 4 Defense
Defense Defense Time % Phy DF OF
1 Alexander Sulzer Davis Drewiske 60 1 2 2
2 Victor Hedman Clayton Stoner 40 1 2 2
Last Minutes Offensive
Center Left Wing Right Wing Defense Defense
Tyler Brenner Brad Winchester John Zeiler Alexander Sulzer Davis Drewiske
Last Minutes Defensive
Center Left Wing Right Wing Defense Defense
Tyler Brenner Brad Winchester John Zeiler Alexander Sulzer Davis Drewiske
Goaltenders
Starting : Alex Auld
Backup : Sergei Bobrovsky
Extra Forwards
Normal : Nick Johnson, Andrew Kozek, Kenndal McArdle - PP : Nick Johnson, Andrew Kozek - PK : Kenndal McArdle
Extra Defensemen
Normal : Kyle Wharton, Casey Borer, Victor Hedman - PP : Kyle Wharton - PK : Casey Borer, Victor Hedman
Penalty Shots
Brad Winchester, Linus Omark, John Zeiler, Ryan Shannon, Nick Johnson
Wiprows
5 vs 5 Forward
Center Left Wing Right Wing Time % Phy DF OF
1 Jesse Winchester Brandon Bollig T.J. Oshie 40 1 2 2
2 Nick Bonino Jiri Tlusty Jonathan Tremblay 30 1 2 2
3 Nazem Kadri Drayson Bowman Linden Vey 20 1 2 2
4 Maxime Macenauer Jesse Winchester Jordan Szwarz 10 1 2 2
5 vs 5 Defense
Defense Defense Time % Phy DF OF
1 Matt Taormina Alec Martinez 40 1 2 2
2 Arturs Kulda Thomas Hickey 30 1 2 2
3 Matt Donovan Kevin Connauton 20 1 2 2
4 Matt Taormina Alec Martinez 10 1 2 2
PowerPlay Forward
Center Left Wing Right Wing Time % Phy DF OF
1 Jesse Winchester Brandon Bollig T.J. Oshie 60 1 2 2
2 Nick Bonino Jiri Tlusty Jonathan Tremblay 40 1 2 2
PowerPlay Defense
Defense Defense Time % Phy DF OF
1 Matt Taormina Alec Martinez 60 1 2 2
2 Arturs Kulda Thomas Hickey 40 1 2 2
Penalty Kill 4 Players Forward
Center Wing Time % Phy DF OF
1 Jesse Winchester T.J. Oshie 60 1 2 2
2 Jonathan Tremblay Nick Bonino 40 1 2 2
Penalty Kill 4 Players Defense
Defense Defense Time % Phy DF OF
1 Matt Taormina Alec Martinez 60 1 2 2
2 Arturs Kulda Thomas Hickey 40 1 2 2
Penalty Kill - 3 Players Forward
Forward Time % Phy DF OF
1 Jesse Winchester 60 1 2 2
2 T.J. Oshie 40 1 2 2
Penalty Kill - 3 Players Defense
Defense Defense Time % Phy DF OF
1 Matt Taormina Alec Martinez 60 1 2 2
2 Arturs Kulda Thomas Hickey 40 1 2 2
4 vs 4 Forward
Center Wing Time % Phy DF OF
1 Jesse Winchester T.J. Oshie 60 1 2 2
2 Jonathan Tremblay Nick Bonino 40 1 2 2
4 vs 4 Defense
Defense Defense Time % Phy DF OF
1 Matt Taormina Alec Martinez 60 1 2 2
2 Arturs Kulda Thomas Hickey 40 1 2 2
Last Minutes Offensive
Center Left Wing Right Wing Defense Defense
Jesse Winchester Brandon Bollig T.J. Oshie Matt Taormina Alec Martinez
Last Minutes Defensive
Center Left Wing Right Wing Defense Defense
Jesse Winchester Brandon Bollig T.J. Oshie Matt Taormina Alec Martinez
Goaltenders
Starting : Braden Holtby
Backup : Thomas McCollum
Extra Forwards
Normal : Nazem Kadri, Drayson Bowman, Maxime Macenauer - PP : Nazem Kadri, Drayson Bowman - PK : Maxime Macenauer
Extra Defensemen
Normal : Matt Donovan, Kevin Connauton, Arturs Kulda - PP : Matt Donovan - PK : Kevin Connauton, Arturs Kulda
Penalty Shots
Jesse Winchester, T.J. Oshie, Jonathan Tremblay, Nick Bonino, Nazem Kadri
% Time on Ice - Atomiques
Lines # - Real PCT - Wanted PCT - Time Play
Normal Forward
1 - 32% - 40% - 12:52
2 - 27% - 30% - 10:49
3 - 24% - 20% - 9:42
4 - 18% - 10% - 7:19
Normal Defense
1 - 46% - 40% - 18:49
2 - 33% - 30% - 13:22
3 - 17% - 20% - 6:45
4 - 4% - 10% - 1:46
PP Forward
1 - 60% - 60% - 2:22
2 - 40% - 40% - 1:36
PP Defense
1 - 63% - 60% - 2:30
2 - 37% - 40% - 1:28
PK Forward
1 - 66% - 60% - 9:19
2 - 34% - 40% - 4:48
PK Defense
1 - 74% - 60% - 10:28
2 - 26% - 40% - 3:39
PK3 Forward
1 - 0% - 60%
2 - 0% - 40%
PK3 Defense
1 - 0% - 60%
2 - 0% - 40%
44 Forward
1 - 0% - 60%
2 - 0% - 40%
44 Defense
1 - 0% - 60%
2 - 0% - 40%
Last Minute Offensive - 0:00
Last Minute Defensive - 1:13
Total
Forward - 60:00
Defense - 60:00
|
% Time on Ice - Wiprows
Lines # - Real PCT - Wanted PCT - Time Play
Normal Forward
1 - 34% - 40% - 13:55
2 - 29% - 30% - 11:58
3 - 25% - 20% - 10:00
4 - 12% - 10% - 4:53
Normal Defense
1 - 43% - 40% - 17:29
2 - 33% - 30% - 13:19
3 - 22% - 20% - 8:52
4 - 3% - 10% - 1:06
PP Forward
1 - 60% - 60% - 8:27
2 - 40% - 40% - 5:40
PP Defense
1 - 61% - 60% - 8:38
2 - 39% - 40% - 5:29
PK Forward
1 - 66% - 60% - 2:37
2 - 34% - 40% - 1:21
PK Defense
1 - 74% - 60% - 2:56
2 - 26% - 40% - 1:02
PK3 Forward
1 - 0% - 60%
2 - 0% - 40%
PK3 Defense
1 - 0% - 60%
2 - 0% - 40%
44 Forward
1 - 0% - 60%
2 - 0% - 40%
44 Defense
1 - 0% - 60%
2 - 0% - 40%
Last Minute Offensive - 1:09
Last Minute Defensive - 0:00
Total
Forward - 60:00
Defense - 60:00
|
Play by Play
1st period
0:01 of 1st period - Jesse Winchester wins face-off versus Tyler Brenner in neutral zone.
0:05 of 1st period - Icing by Davis Drewiske.
0:06 of 1st period - Jesse Winchester wins face-off versus Tyler Brenner in Atomiques zone.
0:07 of 1st period - Backhand shot by T.J. Oshie.
0:07 of 1st period - Shot Blocked by Davis Drewiske.
0:07 of 1st period - Davis Drewiske from Atomiques is injured at 0:07 of 1st period (Strained Right Knee).
0:08 of 1st period - Jonathan Tremblay wins face-off versus Marc-André Cliche in Atomiques zone.
0:42 of 1st period - Snap shot by Nazem Kadri.
0:42 of 1st period - Deflect By Drayson Bowman.
0:42 of 1st period - Stopped by Alex Auld with a rebound.
1:47 of 1st period - Icing by Matt Donovan.
1:48 of 1st period - Maxime Macenauer wins face-off versus Brett Sutter in Wiprows zone.
1:54 of 1st period - Icing by Kevin Connauton.
1:55 of 1st period - Nazem Kadri wins face-off versus Tyler Brenner in Wiprows zone.
2:03 of 1st period - Minor Penalty to Tyler Brenner for Tripping.
2:04 of 1st period - Jesse Winchester wins face-off versus Brad Winchester in Atomiques zone.
2:04 of 1st period - Slapshot by T.J. Oshie.
2:04 of 1st period - Stopped by Alex Auld with a rebound.
2:06 of 1st period - Wrist shot by T.J. Oshie.
2:06 of 1st period - Shot Blocked by Casey Borer.
2:08 of 1st period - Slapshot by Alec Martinez.
2:08 of 1st period - Shot Blocked by Casey Borer.
2:10 of 1st period - Slapshot by Alec Martinez.
2:10 of 1st period - Deflect By Jesse Winchester.
2:10 of 1st period - Stopped by Alex Auld without a rebound.
2:11 of 1st period - Brandon Bollig wins face-off versus Brad Winchester in Atomiques zone.
2:36 of 1st period - Wrist shot by Jesse Winchester.
2:36 of 1st period - Shot Misses the Net.
2:38 of 1st period - Snap shot by Brandon Bollig.
2:38 of 1st period - Deflect By Jesse Winchester.
2:38 of 1st period - Goal by Jesse Winchester - Atomiques : 0 - Wiprows : 1.
2:39 of 1st period - Jesse Winchester wins face-off versus Tyler Brenner in neutral zone.
3:04 of 1st period - Alexander Sulzer is hit by Jiri Tlusty and loses puck.
3:15 of 1st period - Wrist shot by Jonathan Tremblay.
3:15 of 1st period - Stopped by Alex Auld with a rebound.
3:41 of 1st period - Andrew Kozek is hit by Nazem Kadri and loses puck.
3:59 of 1st period - Minor Penalty to Thomas Hickey for Hooking.
4:00 of 1st period - Jesse Winchester wins face-off versus Tyler Brenner in Wiprows zone.
4:10 of 1st period - Snap shot by John Zeiler.
4:10 of 1st period - Stopped by Braden Holtby without a rebound.
4:11 of 1st period - Tyler Brenner wins face-off versus Jesse Winchester in Wiprows zone.
4:36 of 1st period - Jonathan Tremblay is hit by Ryan Shannon and loses puck.
5:02 of 1st period - Off-side.
5:03 of 1st period - Jesse Winchester wins face-off versus Tyler Brenner in neutral zone.
5:26 of 1st period - Jonathan Tremblay is hit by Marc-André Cliche and loses puck.
5:59 of 1st period - Penalty to Thomas Hickey is over, Thomas Hickey is back on ice.
6:43 of 1st period - Wrist shot by Kenndal McArdle.
6:43 of 1st period - Stopped by Braden Holtby with a rebound.
6:45 of 1st period - Slapshot by Linus Omark.
6:45 of 1st period - Shot Blocked by Matt Donovan.
6:47 of 1st period - Wrist shot by Ryan Shannon.
6:47 of 1st period - Stopped by Braden Holtby with a rebound.
6:49 of 1st period - Slapshot by Alexander Sulzer.
6:49 of 1st period - Stopped by Braden Holtby without a rebound.
6:50 of 1st period - Tyler Brenner wins face-off versus Nick Bonino in Wiprows zone.
6:53 of 1st period - Wrist shot by John Zeiler.
6:53 of 1st period - Shot Misses the Net.
6:55 of 1st period - Snap shot by Brad Winchester.
6:55 of 1st period - Stopped by Braden Holtby without a rebound.
6:56 of 1st period - Tyler Brenner wins face-off versus Nick Bonino in Wiprows zone.
7:00 of 1st period - Icing by Nick Bonino.
7:01 of 1st period - Nick Bonino wins face-off versus Tyler Brenner in Wiprows zone.
7:20 of 1st period - Snap shot by Nick Bonino.
7:20 of 1st period - Shot Misses the Net.
7:22 of 1st period - Snap shot by Jonathan Tremblay.
7:22 of 1st period - Deflect By Brad Winchester.
7:22 of 1st period - Shot Blocked by John Zeiler.
7:22 of 1st period - Puck is out of play.
7:23 of 1st period - Jesse Winchester wins face-off versus Marc-André Cliche in Atomiques zone.
7:24 of 1st period - Wrist shot by T.J. Oshie.
7:24 of 1st period - Shot Blocked by Ryan Shannon.
7:26 of 1st period - Snap shot by Thomas Hickey.
7:26 of 1st period - Shot Blocked by Linus Omark.
7:28 of 1st period - Snap shot by Brandon Bollig.
7:28 of 1st period - Stopped by Alex Auld with a rebound.
7:30 of 1st period - Slapshot by Arturs Kulda.
7:30 of 1st period - Shot Blocked by Kyle Wharton.
7:32 of 1st period - Slapshot by Jesse Winchester.
7:32 of 1st period - Stopped by Alex Auld with a rebound.
7:34 of 1st period - Slapshot by Arturs Kulda.
7:34 of 1st period - Shot Misses the Net.
7:36 of 1st period - Wrist shot by T.J. Oshie.
7:36 of 1st period - Shot Misses the Net.
7:38 of 1st period - Slapshot by Thomas Hickey.
7:38 of 1st period - Deflect By Linus Omark.
7:38 of 1st period - Stopped by Alex Auld with a rebound.
7:48 of 1st period - Arturs Kulda is hit by Brad Winchester and loses puck.
8:06 of 1st period - Off-side.
8:07 of 1st period - Nick Bonino wins face-off versus Brett Sutter in neutral zone.
8:14 of 1st period - Snap shot by Nick Bonino.
8:14 of 1st period - Goal by Nick Bonino - Atomiques : 0 - Wiprows : 2.
8:15 of 1st period - Jesse Winchester wins face-off versus Tyler Brenner in neutral zone.
8:53 of 1st period - Snap shot by John Zeiler.
8:53 of 1st period - Goal by John Zeiler - Atomiques : 1 - Wiprows : 2.
8:54 of 1st period - Marc-André Cliche wins face-off versus Jesse Winchester in neutral zone.
9:03 of 1st period - Wrist shot by Jesse Winchester.
9:03 of 1st period - Stopped by Alex Auld without a rebound.
9:04 of 1st period - Marc-André Cliche wins face-off versus Brandon Bollig in Atomiques zone.
9:04 of 1st period - Marc-André Cliche is hit by Jesse Winchester.
9:59 of 1st period - Wrist shot by Ryan Shannon.
9:59 of 1st period - Goal by Ryan Shannon - Atomiques : 2 - Wiprows : 2.
10:00 of 1st period - Nick Bonino wins face-off versus Brad Winchester in neutral zone.
10:21 of 1st period - Minor Penalty to Kyle Wharton for Hooking.
10:22 of 1st period - Jesse Winchester wins face-off versus Brad Winchester in Atomiques zone.
12:04 of 1st period - Off-side.
12:05 of 1st period - John Zeiler wins face-off versus Nick Bonino in neutral zone.
12:12 of 1st period - Snap shot by John Zeiler.
12:12 of 1st period - Goal by John Zeiler - Atomiques : 3 - Wiprows : 2.
12:13 of 1st period - Jesse Winchester wins face-off versus Brad Winchester in neutral zone.
12:18 of 1st period - Brad Winchester is hit by Jesse Winchester and loses puck.
12:21 of 1st period - Penalty to Kyle Wharton is over, Kyle Wharton is back on ice.
13:19 of 1st period - Slapshot by Matt Taormina.
13:19 of 1st period - Stopped by Alex Auld with a rebound.
13:42 of 1st period - Off-side.
13:43 of 1st period - Jesse Winchester wins face-off versus Marc-André Cliche in neutral zone.
14:09 of 1st period - Wrist shot by Linus Omark.
14:09 of 1st period - Stopped by Braden Holtby without a rebound.
14:10 of 1st period - Tyler Brenner wins face-off versus Nazem Kadri in Wiprows zone.
14:11 of 1st period - Snap shot by John Zeiler.
14:11 of 1st period - Goal by John Zeiler - Atomiques : 4 - Wiprows : 2.
14:11 of 1st period - Thomas McCollum enters game.
14:12 of 1st period - Jesse Winchester wins face-off versus Tyler Brenner in neutral zone.
14:20 of 1st period - Minor Penalty to Tyler Brenner for Hooking.
14:21 of 1st period - Jesse Winchester wins face-off versus Brad Winchester in Atomiques zone.
16:01 of 1st period - Jiri Tlusty is hit by Casey Borer and loses puck.
16:20 of 1st period - Penalty to Tyler Brenner is over, Tyler Brenner is back on ice.
16:24 of 1st period - Snap shot by Nazem Kadri.
16:24 of 1st period - Shot Misses the Net.
17:58 of 1st period - Drayson Bowman is hit by Kyle Wharton and loses puck.
18:11 of 1st period - Jesse Winchester is hit by Marc-André Cliche and loses puck.
18:30 of 1st period - Jiri Tlusty is hit by Brad Winchester and loses puck.
19:41 of 1st period - Jonathan Tremblay is hit by Linus Omark and loses puck.
Goals for this period are 4 for Atomiques vs 2 for Wiprows.
Shots for this period are 10 for Atomiques vs 11 for Wiprows.
2nd period
0:01 of 2nd period - Jesse Winchester wins face-off versus Tyler Brenner in neutral zone.
0:16 of 2nd period - Minor Penalty to Tyler Brenner for High sticking.
0:17 of 2nd period - Brad Winchester wins face-off versus Jesse Winchester in Atomiques zone.
0:42 of 2nd period - Matt Taormina is hit by Ryan Shannon and loses puck.
1:47 of 2nd period - Slapshot by Alexander Sulzer.
1:47 of 2nd period - Stopped by Thomas McCollum with a rebound.
2:14 of 2nd period - Icing by Jonathan Tremblay.
2:15 of 2nd period - Kenndal McArdle wins face-off versus Nick Bonino in Wiprows zone.
2:16 of 2nd period - Penalty to Tyler Brenner is over, Tyler Brenner is back on ice.
2:30 of 2nd period - Slapshot by Marc-André Cliche.
2:30 of 2nd period - Shot Misses the Net.
2:32 of 2nd period - Slapshot by Clayton Stoner.
2:32 of 2nd period - Stopped by Thomas McCollum with a rebound.
2:50 of 2nd period - Slapshot by Alec Martinez.
2:50 of 2nd period - Stopped by Alex Auld with a rebound.
2:52 of 2nd period - Wrist shot by Jesse Winchester.
2:52 of 2nd period - Stopped by Alex Auld with a rebound.
3:38 of 2nd period - Snap shot by Matt Donovan.
3:38 of 2nd period - Stopped by Alex Auld without a rebound.
3:39 of 2nd period - Nick Bonino wins face-off versus Tyler Brenner in Atomiques zone.
3:50 of 2nd period - Wrist shot by Jiri Tlusty.
3:50 of 2nd period - Stopped by Alex Auld without a rebound.
3:51 of 2nd period - Nick Bonino wins face-off versus Tyler Brenner in Atomiques zone.
4:06 of 2nd period - Snap shot by John Zeiler.
4:06 of 2nd period - Goal by John Zeiler - Atomiques : 5 - Wiprows : 2.
4:07 of 2nd period - Tyler Brenner wins face-off versus Jesse Winchester in neutral zone.
4:10 of 2nd period - Alec Martinez is hit by Tyler Brenner and loses puck.
4:15 of 2nd period - Snap shot by John Zeiler.
4:15 of 2nd period - Stopped by Thomas McCollum with a rebound.
4:17 of 2nd period - Slapshot by John Zeiler.
4:17 of 2nd period - Goal by John Zeiler - Atomiques : 6 - Wiprows : 2.
4:18 of 2nd period - Jesse Winchester wins face-off versus John Zeiler in neutral zone.
4:31 of 2nd period - Wrist shot by Brad Winchester.
4:31 of 2nd period - Shot Misses the Net.
4:33 of 2nd period - Slapshot by Victor Hedman.
4:33 of 2nd period - Shot Blocked by T.J. Oshie.
5:02 of 2nd period - Nick Johnson is hit by Arturs Kulda and loses puck.
5:32 of 2nd period - Slapshot by Alexander Sulzer.
5:32 of 2nd period - Shot Blocked by Thomas Hickey.
5:46 of 2nd period - Jesse Winchester is hit by John Zeiler.
6:21 of 2nd period - Andrew Kozek is hit by T.J. Oshie.
6:27 of 2nd period - Snap shot by Brett Sutter.
6:27 of 2nd period - Shot Misses the Net.
6:33 of 2nd period - Slapshot by Alec Martinez.
6:33 of 2nd period - Stopped by Alex Auld with a rebound.
6:45 of 2nd period - Wrist shot by Alexander Sulzer.
6:45 of 2nd period - Shot Misses the Net.
6:56 of 2nd period - Off-side.
6:57 of 2nd period - Jesse Winchester wins face-off versus Marc-André Cliche in neutral zone.
7:04 of 2nd period - Snap shot by Jesse Winchester.
7:04 of 2nd period - Stopped by Alex Auld with a rebound.
7:26 of 2nd period - Slapshot by Jonathan Tremblay.
7:26 of 2nd period - Stopped by Alex Auld without a rebound.
7:27 of 2nd period - Nazem Kadri wins face-off versus Tyler Brenner in Atomiques zone.
7:38 of 2nd period - Alec Martinez is hit by Casey Borer and loses puck.
8:11 of 2nd period - Icing by Victor Hedman.
8:12 of 2nd period - Brett Sutter wins face-off versus Nick Bonino in Atomiques zone.
8:12 of 2nd period - Brett Sutter is hit by Arturs Kulda.
9:33 of 2nd period - Kyle Wharton is hit by Alec Martinez and loses puck.
9:36 of 2nd period - Wrist shot by Kyle Wharton.
9:36 of 2nd period - Shot Blocked by Matt Taormina.
9:42 of 2nd period - Minor Penalty to Alec Martinez for Tripping.
9:43 of 2nd period - Jesse Winchester wins face-off versus Tyler Brenner in Wiprows zone.
9:53 of 2nd period - Jesse Winchester is hit by Tyler Brenner and loses puck.
11:21 of 2nd period - Tyler Brenner is hit by Jonathan Tremblay and loses puck.
11:42 of 2nd period - Penalty to Alec Martinez is over, Alec Martinez is back on ice.
11:48 of 2nd period - Slapshot by Victor Hedman.
11:48 of 2nd period - Stopped by Thomas McCollum with a rebound.
11:50 of 2nd period - Snap shot by Brett Sutter.
11:50 of 2nd period - Shot Blocked by Thomas Hickey.
11:56 of 2nd period - Wrist shot by Andrew Kozek.
11:56 of 2nd period - Shot Misses the Net.
12:16 of 2nd period - Thomas Hickey is hit by Mitch Callahan and loses puck.
12:28 of 2nd period - Drew Larman is hit by Linden Vey and loses puck.
12:39 of 2nd period - Slapshot by Nazem Kadri.
12:39 of 2nd period - Stopped by Alex Auld without a rebound.
12:40 of 2nd period - Nick Bonino wins face-off versus Marc-André Cliche in Atomiques zone.
12:41 of 2nd period - Wrist shot by Jiri Tlusty.
12:41 of 2nd period - Stopped by Alex Auld without a rebound.
12:41 of 2nd period - Minor Penalty to Alex Auld for Delaying the game.
12:42 of 2nd period - Jesse Winchester wins face-off versus Brad Winchester in Atomiques zone.
12:43 of 2nd period - Snap shot by T.J. Oshie.
12:43 of 2nd period - Goal by T.J. Oshie - Atomiques : 6 - Wiprows : 3.
12:44 of 2nd period - Jesse Winchester wins face-off versus Tyler Brenner in neutral zone.
12:47 of 2nd period - Snap shot by T.J. Oshie.
12:47 of 2nd period - Stopped by Alex Auld with a rebound.
13:09 of 2nd period - Jonathan Tremblay is hit by Andrew Kozek and loses puck.
13:52 of 2nd period - Nick Johnson is hit by Thomas Hickey and loses puck.
14:05 of 2nd period - Wrist shot by Andrew Kozek.
14:05 of 2nd period - Shot Blocked by Arturs Kulda.
14:07 of 2nd period - Slapshot by Alexander Sulzer.
14:07 of 2nd period - Stopped by Thomas McCollum with a rebound.
14:13 of 2nd period - Snap shot by Andrew Kozek.
14:13 of 2nd period - Shot Blocked by Brandon Bollig.
14:23 of 2nd period - Slapshot by Nick Johnson.
14:23 of 2nd period - Shot Blocked by Thomas Hickey.
14:31 of 2nd period - Wrist shot by Jesse Winchester.
14:31 of 2nd period - Shot Misses the Net.
14:41 of 2nd period - Thomas Hickey is hit by Andrew Kozek and loses puck.
15:00 of 2nd period - Wrist shot by Jesse Winchester.
15:00 of 2nd period - Stopped by Alex Auld without a rebound.
15:01 of 2nd period - Tyler Brenner wins face-off versus Nick Bonino in Atomiques zone.
15:34 of 2nd period - Icing by Ryan Shannon.
15:35 of 2nd period - Nick Bonino wins face-off versus Marc-André Cliche in Atomiques zone.
15:36 of 2nd period - Wrist shot by Jonathan Tremblay.
15:36 of 2nd period - Stopped by Alex Auld without a rebound.
15:37 of 2nd period - Tyler Brenner wins face-off versus Nick Bonino in Atomiques zone.
15:48 of 2nd period - Wrist shot by Brad Winchester.
15:48 of 2nd period - Deflect By John Zeiler.
15:48 of 2nd period - Shot Misses the Net.
15:48 of 2nd period - Puck is out of play.
15:49 of 2nd period - Nick Bonino wins face-off versus Tyler Brenner in Wiprows zone.
16:00 of 2nd period - Wrist shot by Jiri Tlusty.
16:00 of 2nd period - Shot Misses the Net.
16:02 of 2nd period - Slapshot by Matt Taormina.
16:02 of 2nd period - Shot Blocked by John Zeiler.
16:07 of 2nd period - Major Penalty to Kyle Wharton for Kneeing.
16:08 of 2nd period - Brad Winchester wins face-off versus T.J. Oshie in Atomiques zone.
16:20 of 2nd period - Snap shot by T.J. Oshie.
16:20 of 2nd period - Shot Blocked by Casey Borer.
16:22 of 2nd period - Snap shot by T.J. Oshie.
16:22 of 2nd period - Goal by T.J. Oshie - Atomiques : 6 - Wiprows : 4.
16:23 of 2nd period - Jesse Winchester wins face-off versus Brad Winchester in neutral zone.
16:36 of 2nd period - Snap shot by Brad Winchester.
16:36 of 2nd period - Stopped by Thomas McCollum without a rebound.
16:37 of 2nd period - Brad Winchester wins face-off versus T.J. Oshie in Wiprows zone.
16:46 of 2nd period - Snap shot by Linus Omark.
16:46 of 2nd period - Stopped by Thomas McCollum with a rebound.
17:02 of 2nd period - Ryan Shannon is hit by Matt Taormina and loses puck.
18:04 of 2nd period - Wrist shot by Kenndal McArdle.
18:04 of 2nd period - Shot Misses the Net.
19:46 of 2nd period - Icing by Drayson Bowman.
19:47 of 2nd period - Brad Winchester wins face-off versus Drayson Bowman in Wiprows zone.
Goals for this period are 2 for Atomiques vs 2 for Wiprows.
Shots for this period are 9 for Atomiques vs 14 for Wiprows.
3rd period
0:01 of 3rd period - Brad Winchester wins face-off versus Jesse Winchester in neutral zone.
0:26 of 3rd period - Nick Bonino is hit by Ryan Shannon.
1:07 of 3rd period - Penalty to Kyle Wharton is over, Kyle Wharton is back on ice.
1:55 of 3rd period - Matt Donovan is hit by Drew Larman and loses puck.
2:31 of 3rd period - Slapshot by Andrew Kozek.
2:31 of 3rd period - Stopped by Thomas McCollum with a rebound.
3:24 of 3rd period - Slapshot by Casey Borer.
3:24 of 3rd period - Stopped by Thomas McCollum without a rebound.
3:25 of 3rd period - Maxime Macenauer wins face-off versus Marc-André Cliche in Wiprows zone.
3:56 of 3rd period - Kyle Wharton is hit by Maxime Macenauer and loses puck.
4:23 of 3rd period - Slapshot by Alec Martinez.
4:23 of 3rd period - Stopped by Alex Auld without a rebound.
4:24 of 3rd period - Tyler Brenner wins face-off versus Jesse Winchester in Atomiques zone.
4:39 of 3rd period - Slapshot by Jesse Winchester.
4:39 of 3rd period - Deflect By John Zeiler.
4:39 of 3rd period - Stopped by Alex Auld with a rebound.
5:34 of 3rd period - Casey Borer is hit by T.J. Oshie and loses puck.
6:17 of 3rd period - Thomas Hickey is hit by Casey Borer and loses puck.
6:35 of 3rd period - John Zeiler is hit by Jordan Szwarz and loses puck.
7:02 of 3rd period - Slapshot by Alexander Sulzer.
7:02 of 3rd period - Stopped by Thomas McCollum with a rebound.
7:54 of 3rd period - Kenndal McArdle is hit by Nick Bonino and loses puck.
8:18 of 3rd period - Slapshot by Linus Omark.
8:18 of 3rd period - Stopped by Thomas McCollum without a rebound.
8:19 of 3rd period - Marc-André Cliche wins face-off versus Maxime Macenauer in Wiprows zone.
9:06 of 3rd period - Casey Borer is hit by Thomas Hickey and loses puck.
9:36 of 3rd period - Icing by Victor Hedman.
9:37 of 3rd period - Marc-André Cliche wins face-off versus Maxime Macenauer in Atomiques zone.
9:37 of 3rd period - Marc-André Cliche is hit by Jordan Szwarz.
9:51 of 3rd period - Ryan Shannon is hit by Matt Taormina and loses puck.
10:03 of 3rd period - Minor Penalty to Andrew Kozek for Boarding.
10:04 of 3rd period - T.J. Oshie wins face-off versus Brad Winchester in Atomiques zone.
10:36 of 3rd period - Snap shot by Nick Bonino.
10:36 of 3rd period - Stopped by Alex Auld with a rebound.
10:38 of 3rd period - Snap shot by Jiri Tlusty.
10:38 of 3rd period - Goal by Jiri Tlusty - Atomiques : 6 - Wiprows : 5.
10:39 of 3rd period - Jesse Winchester wins face-off versus Brad Winchester in neutral zone.
10:48 of 3rd period - Backhand shot by Jesse Winchester.
10:48 of 3rd period - Stopped by Alex Auld without a rebound.
10:49 of 3rd period - Tyler Brenner wins face-off versus Jesse Winchester in Atomiques zone.
11:06 of 3rd period - Wrist shot by Jesse Winchester.
11:06 of 3rd period - Stopped by Alex Auld without a rebound.
11:07 of 3rd period - Nick Bonino wins face-off versus Marc-André Cliche in Atomiques zone.
11:08 of 3rd period - Snap shot by Jonathan Tremblay.
11:08 of 3rd period - Shot Misses the Net.
11:19 of 3rd period - Minor Penalty to Ryan Shannon for Elbowing.
11:20 of 3rd period - Brad Winchester wins face-off versus Jesse Winchester in Atomiques zone.
13:19 of 3rd period - Penalty to Ryan Shannon is over, Ryan Shannon is back on ice.
13:25 of 3rd period - Andrew Kozek is hit by Jordan Szwarz and loses puck.
13:32 of 3rd period - Drayson Bowman is hit by Kyle Wharton and loses puck.
13:37 of 3rd period - Snap shot by Andrew Kozek.
13:37 of 3rd period - Shot Blocked by Drayson Bowman.
13:43 of 3rd period - Slapshot by Thomas Hickey.
13:43 of 3rd period - Stopped by Alex Auld without a rebound.
13:44 of 3rd period - Nick Bonino wins face-off versus Drew Larman in Atomiques zone.
13:45 of 3rd period - Slapshot by Matt Donovan.
13:45 of 3rd period - Stopped by Alex Auld with a rebound.
13:47 of 3rd period - Snap shot by Jiri Tlusty.
13:47 of 3rd period - Stopped by Alex Auld without a rebound.
13:48 of 3rd period - Drew Larman wins face-off versus Nick Bonino in Atomiques zone.
13:48 of 3rd period - Drew Larman is hit by Nick Bonino.
14:15 of 3rd period - Slapshot by Matt Donovan.
14:15 of 3rd period - Shot Blocked by Clayton Stoner.
14:17 of 3rd period - Backhand shot by Matt Donovan.
14:17 of 3rd period - Shot Misses the Net.
14:19 of 3rd period - Slapshot by Linden Vey.
14:19 of 3rd period - Shot Misses the Net.
14:23 of 3rd period - Snap shot by Nazem Kadri.
14:23 of 3rd period - Stopped by Alex Auld with a rebound.
14:25 of 3rd period - Slapshot by Kevin Connauton.
14:25 of 3rd period - Shot Misses the Net.
14:41 of 3rd period - Slapshot by Jesse Winchester.
14:41 of 3rd period - Stopped by Alex Auld without a rebound.
14:42 of 3rd period - Jesse Winchester wins face-off versus Tyler Brenner in Atomiques zone.
15:20 of 3rd period - Wrist shot by Nazem Kadri.
15:20 of 3rd period - Shot Misses the Net.
15:40 of 3rd period - Snap shot by Nick Bonino.
15:40 of 3rd period - Shot Blocked by Alexander Sulzer.
15:53 of 3rd period - Off-side.
15:54 of 3rd period - Brandon Bollig wins face-off versus Tyler Brenner in neutral zone.
15:57 of 3rd period - Slapshot by Jesse Winchester.
15:57 of 3rd period - Stopped by Alex Auld with a rebound.
16:08 of 3rd period - Off-side.
16:09 of 3rd period - Brett Sutter wins face-off versus Nazem Kadri in neutral zone.
16:20 of 3rd period - Snap shot by Andrew Kozek.
16:20 of 3rd period - Stopped by Thomas McCollum with a rebound.
16:26 of 3rd period - Clayton Stoner is hit by Drayson Bowman and loses puck.
17:43 of 3rd period - Alexander Sulzer is hit by Jiri Tlusty and loses puck.
19:08 of 3rd period - Wiprows, Thomas McCollum is pulled from the net.
19:12 of 3rd period - Snap shot by Jesse Winchester.
19:12 of 3rd period - Stopped by Alex Auld with a rebound.
19:14 of 3rd period - Wrist shot by Matt Taormina.
19:14 of 3rd period - Shot Misses the Net.
19:16 of 3rd period - Snap shot by Jesse Winchester.
19:16 of 3rd period - Stopped by Alex Auld with a rebound.
19:18 of 3rd period - Snap shot by Brandon Bollig.
19:18 of 3rd period - Shot Misses the Net.
19:20 of 3rd period - Slapshot by Alec Martinez.
19:20 of 3rd period - Stopped by Alex Auld without a rebound.
19:21 of 3rd period - Andy Murray call a timeout for Wiprows.
19:21 of 3rd period - Jesse Winchester wins face-off versus Tyler Brenner in Atomiques zone.
19:30 of 3rd period - Slapshot by T.J. Oshie.
19:30 of 3rd period - Stopped by Alex Auld without a rebound.
19:31 of 3rd period - Jesse Winchester wins face-off versus Tyler Brenner in Atomiques zone.
19:36 of 3rd period - Wrist shot by T.J. Oshie.
19:36 of 3rd period - Shot Blocked by John Zeiler.
19:38 of 3rd period - Snap shot by Matt Taormina.
19:38 of 3rd period - Shot Misses the Net.
Goals for this period are 0 for Atomiques vs 1 for Wiprows.
Shots for this period are 5 for Atomiques vs 16 for Wiprows.
Output by the SimonT Hockey Simulator (STHS) for François Prévost -- Original Page W3C XHTML 1.0 Valid